 Dungeon Crawl Stone Soup version 0.25-b1-23-ge2ad7d536c (webtiles) character file.

Game seed: 14628521589256617712, levelgen mode: deterministic

1992 nightchill the Covert (level 9, 0/66 HPs)
             Began as a Vampire Enchanter on June 2, 2020.
             Was an Initiate of Ashenzari.
             Slain by a sky beast (6 damage)
             ... on level 6 of the Dungeon on June 3, 2020.
             The game lasted 00:20:06 (5817 turns).

nightchill the Covert (Vampire Enchanter)           Turns: 5817, Time: 00:20:06

Health: 0/66       AC:  5    Str: 10    XL:     9   Next: 1%
Magic:  12/12      EV: 12    Int: 18    God:    Ashenzari [......]
Gold:   244        SH:  0    Dex: 14    Spells: 3/12 levels left

rFire    + . .     SeeInvis +   a - +3 short sword (speed) (curse)
rCold    + . .     Gourm    .   (no shield)
rNeg     . . .     Faith    .   v - +1 troll leather armour (curse) {Purgy}
rPois    .         Spirit   .   (no helmet)
rElec    .         Reflect  .   F - scarf {rC+ rF+}
rCorr    .         Harm     .   (no gloves)
MR       +....                  (no boots)
Stlth    ++++......             (no amulet)
HPRegen  0.81/turn              t - ring of protection from magic (curse)
MPRegen  0.13/turn              (no ring)

@: regenerating quickly
A: no food, fangs 3, see invisible, unbreathing
a: Exsanguinate, Curse Item, Renounce Religion


You were on level 6 of the Dungeon.
You worshipped Ashenzari.
Ashenzari was noncommittal.
You were alive.

You visited 1 branch of the dungeon, and saw 6 of its levels.

You collected 244 gold pieces.

Inventory:

Hand Weapons
 a - a cursed +3 short sword of speed (weapon)
 w - a +1 dagger
 E - the +4 spear of the Swamp {vorpal, +Blink rN++ Str-5 Stlth+}
   (You took it off an orc on level 5 of the Dungeon)

   It inflicts extra damage upon your enemies.
   It affects your strength (-5).
   It greatly protects you from negative energy.
   It lets you blink.
   It makes you more stealthy.
Missiles
 f - 17 poisoned darts
 l - 142 stones (quivered)
Armour
 b - a +0 robe
 g - a +0 ring mail
 m - a cursed +0 chain mail
 v - a cursed +1 troll leather armour (worn) {Purgy}
 F - a scarf of resistance (worn)
Jewellery
 t - a cursed ring of protection from magic (left hand)
 u - an uncursed ring of positive energy
 y - an uncursed ring of magical power
Wands
 o - a wand of acid (1)
 H - a wand of polymorph (10)
Scrolls
 c - a scroll of enchant armour
 j - a scroll of random uselessness {unknown}
 k - a scroll of immolation {unknown}
 q - a scroll of fog {unknown}
 s - a scroll of enchant weapon
 x - 2 scrolls of teleportation
 B - a scroll of magic mapping {unknown}
 D - a scroll of remove curse
 G - a scroll of brand weapon {unknown}
Potions
 e - a potion of flight {unknown}
 i - 5 potions of heal wounds
 n - a potion of magic {unknown}
 p - a potion of might
 r - 6 potions of curing {unknown}
 z - a potion of invisibility {unknown}
 A - a potion of mutation {unknown}
 C - 2 potions of haste


   Skills:
 + Level 4.5 Fighting
 * Level 8.2 Short Blades
 - Level 2.1 Dodging
 + Level 9.2 Stealth
 - Level 2.0 Spellcasting
 + Level 8.7 Hexes


You had 3 spell levels left.
You knew the following spells:

 Your Spells              Type           Power        Failure   Level  Hunger
a - Corona                Hex            ####...      1%          1    N/A
b - Ensorcelled Hibernat  Hex/Ice        ###...       6%          2    N/A
c - Confusing Touch       Hex            ####....     1%          3    N/A
d - Tukima's Dance        Hex            ####....     1%          3    N/A

Your spell library contained the following spells:

 Spells                   Type           Power        Failure   Level  Hunger
 Dazzling Flash           Conj/Hex       ###...       12%         3    N/A
 Animate Skeleton         Necr           N/A          24%         1    N/A
 Apportation              Tloc           #.....       24%         1    N/A
 Summon Small Mammal      Summ           #...         24%         1    N/A

Dungeon Overview and Level Annotations

Branches:
Dungeon (6/15)
 Temple: D:4-7

Altars:
Ashenzari
Elyvilon
Fedhas
Hepliaklqana
Kikubaaqudgha
Makhleb
Ru
Trog
Uskayaw
Yredelemnul
Beogh

Shops:
D:4 *   D:5 =

Annotations:
D:5 exclusion: downstairs


Innate Abilities, Weirdness & Mutations

You do not eat.
Your natural rate of healing is unusually fast.
You have razor-sharp teeth.
You have supernaturally acute eyesight. (SInv)
You can survive without breathing.


Message History

The sky beast flickers out of sight for a moment.
The sky beast misses you. The sky beast hits you. The sky beast shocks you.
The sky beast closely misses you. The sky beast completely misses you.
The sky beast closely misses you. The sky beast closely misses you.
The sky beast hits you. The sky beast shocks you.
The sky beast flickers out of sight for a moment.
The sky beast hits you. The sky beast shocks you.
* * * LOW HITPOINT WARNING * * *
The sky beast closely misses you. The sky beast hits you.
* * * LOW HITPOINT WARNING * * *
The sky beast shocks you.
* * * LOW HITPOINT WARNING * * *
The sky beast hits you.
* * * LOW HITPOINT WARNING * * *
The sky beast shocks you.
You die...

####'##...# ....
#.....#.... ....
#.....#.... .....
#.....#.... .....
#######....^#.... ......
#....##....##...#
......##....#.....##...#
............#....>......
......Y@....#...........
............'...........
......########....##...#
...... #....##'#####...#
##########....#.....#....'
........#.....#.....#....#
........#.....#.....#....#
.?...o..#.....###+####....
........'.....##....##....


You could see a sky beast (invisible).

Vanquished Creatures
  The ghost of Noname the Stinger, a novice MfVM of Fedhas (D:5)
  Grinder (D:5)
  Edmund (D:4)
  A sky beast (D:6)
  A black bear (D:6)
  Purgy (D:3)
  2 phantoms
  An ogre (D:4)
  A bullfrog (D:6)
  A scorpion (D:4)
  3 howler monkeys (D:6)
  A crimson imp (D:5)
  3 orc priests
  A bullfrog skeleton (D:2)
  5 orc wizards
  A worker ant (D:4)
  Robin (D:4)
  A howler monkey skeleton (D:4)
  2 adders
  4 gnolls
  A shadow imp (D:5)
  An ooze (D:1)
  4 worms
  3 dart slugs
  A leopard gecko (D:4)
  19 orcs
  3 giant cockroaches
  14 goblins
  13 hobgoblins
  10 jackals
  7 kobolds
  2 quokkas
  9 bats
  4 frilled lizards
  A leopard gecko skeleton (D:5)
  8 rats
133 creatures vanquished.

Notes
Turn   | Place    | Note
-------+----------+-------------------------------------------
     0 | D:1      | nightchill the Vampire Enchanter began the quest for the
                  | Orb.
     0 | D:1      | Reached XP level 1. HP: 13/13 MP: 3/3
   176 | D:1      | Reached XP level 2. HP: 18/20 MP: 5/5
   215 | D:1      | Learned a level 2 spell: Ensorcelled Hibernation
   609 | D:1      | Reached XP level 3. HP: 25/25 MP: 6/6
  1028 | D:1      | Reached skill level 5 in Stealth
  1145 | D:1      | Reached skill level 1 in Fighting
  1232 | D:1      | Learned a level 3 spell: Confusing Touch
  1326 | D:2      | Reached skill level 5 in Hexes
  1359 | D:2      | Reached XP level 4. HP: 32/32 MP: 7/7
  1786 | D:2      | Found a blossoming altar of Fedhas.
  2128 | D:2      | Found a hazy altar of Hepliaklqana.
  2608 | D:3      | Reached XP level 5. HP: 14/38 MP: 1/8
  2811 | D:3      | Noticed Purgy
  2819 | D:3      | Killed Purgy
  2819 | D:3      | Reached skill level 6 in Stealth
  3065 | D:3      | Found a bloodstained altar of Trog.
  3068 | D:3      | Found a basalt altar of Yredelemnul.
  3072 | D:3      | Found an ancient bone altar of Kikubaaqudgha.
  3073 | D:3      | Found a burning altar of Makhleb.
  3074 | D:3      | Found a sacrificial altar of Ru.
  3077 | D:3      | Found a white marble altar of Elyvilon.
  3344 | D:4      | Found Birirun's Assorted Antiques.
  3352 | D:4      | Noticed a phantom
  3399 | D:4      | Killed a phantom
  3399 | D:4      | Reached XP level 6. HP: 23/44 MP: 7/9
  3492 | D:4      | Noticed Robin
  3495 | D:4      | Killed Robin
  3755 | D:4      | Reached skill level 5 in Short Blades
  3773 | D:4      | Reached XP level 7. HP: 6/51 MP: 1/10
  3934 | D:4      | Noticed Edmund
  3955 | D:4      | Killed Edmund
  3955 | D:4      | Reached skill level 7 in Stealth
  4119 | D:4      | Found a hide-covered altar of Uskayaw.
  4199 | D:5      | Entered Level 5 of the Dungeon
  4199 | D:5      | Found a shattered altar of Ashenzari.
  4287 | D:5      | Noticed Grinder
  4353 | D:5      | Paralysed by Grinder for 5 turns
  4371 | D:5      | Killed Grinder
  4427 | D:5      | Became a worshipper of Ashenzari the Shackled
  4593 | D:5      | Reached XP level 8. HP: 56/58 MP: 5/11
  4871 | D:5      | Found Pocicset's Jewellery Boutique.
  5010 | D:5      | Found a runed translucent gate.
  5011 | D:5      | Found a runed translucent gate.
  5012 | D:5      | Found a runed translucent gate.
  5013 | D:5      | Identified the +4 spear of the Swamp {vorpal, +Blink rN++
                  | Str-5 Stlth+}
  5014 | D:5      | Noticed Noname's ghost (novice MfVM)
  5020 | D:5      | Found a roughly hewn altar of Beogh.
  5091 | D:5      | Killed Noname's ghost
  5091 | D:5      | Reached skill level 8 in Stealth
  5278 | D:6      | Learned a level 3 spell: Tukima's Dance
  5517 | D:6      | Reached skill level 9 in Stealth
  5792 | D:6      | Reached XP level 9. HP: 51/66 MP: 12/12
  5817 | D:6      | Slain by a sky beast

Illustrated notes

Levels and vault maps discovered:
D:1:      dpeg_arrival_round_b, layout_loops_ring
D:2:      layout_loops_ring, lemuel_coloured_pillars_altar,
          fedhas_altar_fruit_tree
D:3:      layout_loops_corners, minitemple, first_ration, uniq_purgy
D:4:      layout_cave_pools, kennysheep_little_box, serial_shops,
          nicolae_shop_stone, uniq_robin, uniq_edmund
D:5:      layout_rooms, ashenzari_altar_1, biasface_ghost_orc_armoury,
          serial_shops, shop, grunt_ministairs_9, kennysheep_nub,
          serial_bayou_lagoon_b, uniq_grinder
D:6:      layout_gridville

Skill      XL: |  1  2  3  4  5  6  7  8 |
---------------+-------------------------+-----
Short Blades   | 2 3 4 5 6 8 |  8.2
Stealth        | 5 6 7 9 |  9.2
Fighting       | 1 2 3 4 |  4.5
Hexes          | 5 6 7 8 |  8.7
Dodging        | |  2.1
Spellcasting   | |  2.0

Action                   |  1- 3 |  4- 6 |  7- 9 || total
-------------------------+-------+-------+-------++-------
Melee: Dagger            |   117 |   117 |       ||   234
       Bite              |     5 |     8 |    22 ||    35
       Short sword       |       |    96 |   232 ||   328
Throw: Stone             |       |     1 |       ||     1
 Cast: Ensorcelled Hiber |     4 |    19 |    19 ||    42
       Confusing Touch   |     1 |     3 |    12 ||    16
Invok: Curse Item        |       |       |     3 ||     3
Evoke: Wand              |       |     2 |     2 ||     4
  Use: Scroll            |       |       |     7 ||     7
 Stab: Sleeping          |     5 |    22 |     9 ||    36
       Confused          |     2 |     5 |    14 ||    21
Armor: Robe              |    21 |    15 |       ||    36
       Troll leather arm |       |    20 |    15 ||    35
Dodge: Dodged            |    86 |    80 |   117 ||   283
